 Dungeon Crawl Stone Soup version 0.26-a0-812-g31a745ddcd (webtiles) character file.

Game seed: 1561790699121861086

28467 Kinoniko the Carver (level 13, -2/89 HPs)
             Began as an Octopode Fighter on Nov 13, 2020.
             Was an Elder of Trog.
             Slain by an eight-headed hydra (14 damage)
             ... on level 5 of the Lair of Beasts.
             The game lasted 00:23:00 (17045 turns).

Kinoniko the Carver (Octopode Fighter)             Turns: 17045, Time: 00:23:01

Health: -2/89      AC:  7    Str: 15    XL:     13   Next: 39%
Magic:  13/13      EV: 20    Int: 15    God:    Trog [****..]
Gold:   1032       SH: 14    Dex: 16    Spells: 12/12 levels left

rFire    . . .     SeeInvis .   a - +0 long sword (freeze)
rCold    . . .     Faith    .   c - +2 kite shield
rNeg     . . .     Spirit   .   w - +2 hat
rPois    +         Reflect  .   r - amulet of the acrobat
rElec    .         Harm     .   l - ring of protection from magic
rCorr    .         Rampage  .   m - +4 ring of protection
MR       +....                  z - ring "Fabin" {rPois Int+4}
Stlth    ++++++....             (no ring)
HPRegen  0.24/turn              (no ring)
MPRegen  0.13/turn              (no ring)
                                (no ring)
                                (no ring)

@: berserk cooldown, slowed, very slow
A: almost no armour, stealthy swim, amphibious, 8 rings, constrict 8, camouflage
1, gelatinous body 1
a: Berserk, Trog's Hand, Brothers in Arms, Renounce Religion


You were on level 5 of the Lair of Beasts.
You worshipped Trog.
Trog was greatly pleased with you.
You visited 2 branches of the dungeon, and saw 16 of its levels.

You collected 1032 gold pieces.

Inventory:

Hand Weapons
 a - a +0 long sword of freezing (weapon)
Armour
 b - a +0 kite shield
 c - a +2 kite shield (worn)
 w - a +2 hat (worn)
Jewellery
 l - a ring of protection from magic (left tentacle)
 m - a +4 ring of protection (right tentacle)
 r - an amulet of the acrobat (around mantle)
 u - an uncursed amulet of regeneration
 x - an uncursed amulet of reflection
 z - the ring "Fabin" (on tentacle) {rPois Int+4}
   (You found it on level 3 of the Lair of Beasts)

   [ring of poison resistance]

   It affects your intelligence (+4).
   It protects you from poison.
Wands
 j - a wand of paralysis (6)
 k - a wand of acid (6)
 q - a wand of flame (37)
 v - a wand of iceblast (10)
 D - a wand of random effects (15)
Scrolls
 f - a scroll of fog
 g - 3 scrolls of teleportation
 i - 16 scrolls of remove curse
 o - 2 scrolls of blinking
 p - 3 scrolls of amnesia
 y - 3 scrolls of identify
 B - a scroll of holy word
 C - a scroll of summoning
Potions
 d - a potion of mutation
 e - a potion of ambrosia
 h - 5 potions of curing
 n - 4 potions of lignification
 s - 2 potions of brilliance
 t - 4 potions of attraction
 A - 2 potions of might


   Skills:
 * Level 8.5 Fighting
 * Level 12.5 Long Blades
 * Level 10.8 Dodging
 + Level 12.3 Stealth
 + Level 10.4 Shields


You had 12 spell levels left.
You didn't know any spells.
Your spell library contained the following spells:

 Spells                   Type           Power        Failure   Level
 Animate Skeleton         Necr           #.....       43%         1
 Apportation              Tloc           #.....       43%         1
 Corona                   Hex            #......      43%         1
 Foxfire                  Conj/Fire      #...         43%         1
 Pain                     Necr           #...         43%         1
 Summon Small Mammal      Summ           #...         43%         1
 Confusing Touch          Hex            #.......     82%         3
 Conjure Flame            Conj/Fire      #.......     82%         3
 Gell's Gravitas          Tloc           #.........   82%         3
 Inner Flame              Hex/Fire       #.......     82%         3
 Vampiric Draining        Necr           #.........   82%         3
 Animate Dead             Necr           #.........   99%         4
 Petrify                  Tmut/Erth      #.......     99%         4
 Sticky Flame             Conj/Fire      #.......     99%         4
 Agony                    Necr           #.......     100%        5
 Fireball                 Conj/Fire      #.........   100%        5
 Metabolic Englaciation   Hex/Ice        #.........   100%        5
 Yara's Violent Unravell  Hex/Tmut       #.........   100%        5


Dungeon Overview and Level Annotations

Branches:
Dungeon (11/15)            Temple (0/1) D:6            Lair (5/6) D:8
  Swamp (0/4) Lair:2       Spider (0/4) Lair:3
  Slime: Lair:5-6       Orc: D:9-12

Altars:
Ashenzari
Elyvilon
Makhleb
Okawaru
Trog
Uskayaw
Vehumet
Yredelemnul
Zin

Annotations:
D:10 3 runed translucent doors


Innate Abilities, Weirdness & Mutations

You cannot wear most types of armour.
You are very stealthy in the water. (Stealth+)
You are amphibious.
You can wear up to eight rings at the same time.
You can use your tentacles to constrict eight enemies at once.
Your skin changes colour to match your surroundings (Stealth+).
Your rubbery body absorbs attacks. (AC +1, EV +1)


Message History

The eight-headed hydra completely misses you.
The eight-headed hydra bites you!
* * * LOW HITPOINT WARNING * * *
The eight-headed hydra barely misses you.
The eight-headed hydra bites you.
* * * LOW HITPOINT WARNING * * *
The eight-headed hydra barely misses you.
The elephant misses you. The elephant completely misses you.
The black mamba bites the fungus.
The black mamba bites the fungus!
The elephant tramples your ogre!
Your ogre stumbles backwards!
Your ogre barely misses the elephant.
Your ogre goes berserk!
Your ogre hits the elephant with a +0 giant spiked club!
The eight-headed hydra bites you!
* * * LOW HITPOINT WARNING * * *
You block the eight-headed hydra's attack.
The eight-headed hydra misses you.
You block the eight-headed hydra's attack.
The eight-headed hydra bites you!
You die...

...........#
#..........###
##...........##
#.##.#.....#.##
..#.##.##.#...#
... #. ##....# ..#
## #...## ....
####O..####
.....##P#..@O.P.#
......†..PPYD...##
?.....†....S...#.#
............#P.###
...........#####
......###.##
.....# #.. ....#
#... .... .....


You could see an eight-headed hydra, an elephant, a black mamba and 2 friendly
ogres.

Vanquished Creatures
  Gastronok (D:8)
  Kirke (Lair:4)
  Fannar (Lair:1)
  A two-headed ogre (D:9)
  Nergalle (Lair:1)
  2 bog bodies (Lair:2)
  Pikel (D:4)
  The ghost of Morbidden the Magician, a novice DsVM of Vehumet (D:7)
  8 elephants
  Joseph (Lair:1)
  A gargoyle (D:10)
  7 cane toads
  9 komodo dragons
  2 hornets
  8 blink frogs
  A redback (Lair:3)
  A wraith (D:7)
  15 yaks
  3 wyverns
  2 hogs (Lair:4)
  3 basilisks
  9 water moccasins
  Duvessa (D:4)
  2 black bears
  A sky beast (D:8)
  An orc warrior (D:6)
  2 ice beasts
  3 phantoms (D:10)
  2 necrophages
  7 ogres
  6 wolves
  3 centaurs
  2 lemures (D:4)
  15 bullfrogs
  A big kobold (D:7)
  Dowan (D:4)
  4 scorpions
  3 wights (D:6)
  5 killer bees (D:10)
  An electric eel (Lair:4)
  5 howler monkeys
  A crimson imp (D:7)
  A bullfrog zombie (D:6)
  A centaur zombie (D:6)
  3 jellies
  6 hounds
  5 orc priests
  A bullfrog skeleton (D:8)
  5 orc wizards
  2 iguanas
  6 worker ants
  Natasha (D:3)
  4 hell rats (Lair:3)
  A hound skeleton (D:5)
  A howler monkey zombie (D:6)
  A worker ant zombie (D:7)
  Robin (D:4)
  6 gnolls
  7 adders
  A shadow imp (D:5)
  4 white imps
  3 ufetubi
  3 oozes
  An adder skeleton (D:6)
  A worm (D:2)
  3 dart slugs
  6 leopard geckos
  44 orcs
  A ball python (D:1)
  6 giant cockroaches
  16 goblins
  6 hobgoblins
  11 jackals
  10 kobolds
  5 quokkas
  A bat (D:2)
  5 frilled lizards
  A quokka skeleton (D:6)
  7 rats
332 creatures vanquished.

Vanquished Creatures (collateral kills)
  3 hydras
  4 elephants (Lair:3)
  A rime drake (Lair:2)
  2 yaks (Lair:2)
  A bullfrog (Lair:3)
  A hell rat (Lair:3)
12 creatures vanquished.

Vanquished Creatures (others)
  Blork the orc (D:4)
  13 fungi
  7 plants
21 creatures vanquished.

Grand Total: 365 creatures vanquished

Notes
Turn   | Place    | Note
-------+----------+-------------------------------------------
     0 | D:1      | Kinoniko the Octopode Fighter began the quest for the Orb.
     0 | D:1      | Reached XP level 1. HP: 16/16 MP: 1/1
   284 | D:1      | Reached XP level 2. HP: 21/21 MP: 2/2
   288 | D:1      | Reached skill level 1 in Stealth
   866 | D:2      | Reached XP level 3. HP: 26/26 MP: 3/3
  1259 | D:2      | Found a bloodstained altar of Trog.
  1262 | D:2      | Found a glowing silver altar of Zin.
  1265 | D:2      | Found a white marble altar of Elyvilon.
  1478 | D:2      | Became a worshipper of Trog the Wrathful
  1573 | D:2      | Reached XP level 4. HP: 31/31 MP: 4/4
  2382 | D:3      | Reached XP level 5. HP: 25/36 MP: 5/5
  2391 | D:3      | Noticed Natasha
  2408 | D:3      | Killed Natasha
  2408 | D:3      | Reached * piety under Trog
  3177 | D:4      | Noticed a lemure
  3179 | D:4      | Noticed a lemure
  3180 | D:4      | Noticed Pikel
  3181 | D:4      | Noticed a lemure
  3181 | D:4      | Noticed a lemure
  3188 | D:4      | Killed a lemure
  3191 | D:4      | Killed a lemure
  3197 | D:4      | Killed Pikel
  3197 | D:4      | Reached skill level 5 in Long Blades
  3197 | D:4      | Reached skill level 5 in Stealth
  3197 | D:4      | Reached XP level 6. HP: 16/42 MP: 6/6
  3197 | D:4      | Reached XP level 7. HP: 18/46 MP: 7/7
  3490 | D:4      | Found a broken altar of Ashenzari.
  3519 | D:4      | Noticed Robin
  3529 | D:4      | Killed Robin
  3687 | D:4      | Noticed Dowan
  3690 | D:4      | Noticed Duvessa
  3695 | D:4      | Reached skill level 5 in Shields
  3695 | D:4      | Reached XP level 8. HP: 52/52 MP: 8/8
  3714 | D:4      | Killed Duvessa
  3731 | D:4      | Killed Dowan
  4072 | D:4      | Reached ** piety under Trog
  4072 | D:4      | Noticed Blork the orc
  4082 | D:4      | Killed Blork the orc
  4492 | D:5      | Entered Level 5 of the Dungeon
  5383 | D:5      | Found a basalt altar of Yredelemnul.
  5769 | D:6      | Reached XP level 9. HP: 32/57 MP: 9/9
  6547 | D:6      | Reached *** piety under Trog
  6724 | D:6      | Found a staircase to the Ecumenical Temple.
  6866 | D:7      | Noticed Morbidden's ghost (novice DsVM)
  6873 | D:7      | Found a runed translucent door.
  6927 | D:7      | Killed Morbidden's ghost
  6927 | D:7      | Reached skill level 5 in Dodging
  7301 | D:7      | Reached XP level 10. HP: 61/63 MP: 10/10
  7588 | D:7      | Found a burning altar of Makhleb.
  7589 | D:7      | Found a radiant altar of Vehumet.
  7728 | D:8      | Noticed Gastronok
  7744 | D:8      | Killed Gastronok
  8095 | D:8      | Found a staircase to the Lair.
  8095 | D:8      | Noticed an elephant
  8112 | D:8      | Reached **** piety under Trog
  8127 | D:8      | Killed an elephant
  8127 | D:8      | Reached skill level 10 in Long Blades
  8130 | D:8      | Reached skill level 10 in Stealth
  8337 | D:8      | Reached XP level 11. HP: 67/67 MP: 11/11
  9108 | D:9      | Noticed a two-headed ogre
  9119 | D:9      | Killed a two-headed ogre
  9911 | D:9      | Found an iron altar of Okawaru.
  9917 | D:9      | Found a hide-covered altar of Uskayaw.
 10168 | D:10     | Entered Level 10 of the Dungeon
 10206 | D:10     | Found a runed translucent gate.
 10206 | D:10     | Found a runed translucent gate.
 10206 | D:10     | Found a runed translucent gate.
 10206 | D:10     | Noticed a brown ugly thing
 10206 | D:10     | Noticed a purple ugly thing
 10206 | D:10     | Noticed a purple ugly thing
 10206 | D:10     | Noticed a purple ugly thing
 10207 | D:10     | Noticed a purple ugly thing
 10209 | D:10     | Noticed a purple ugly thing
 11893 | D:11     | Noticed a cyclops
 11971 | Lair:1   | Entered Level 1 of the Lair of Beasts
 11972 | Lair:1   | Noticed Nergalle
 11980 | Lair:1   | Killed Nergalle
 11980 | Lair:1   | Reached skill level 5 in Fighting
 12592 | Lair:1   | Noticed Fannar
 12655 | Lair:1   | Killed Fannar
 12655 | Lair:1   | Reached XP level 12. HP: 78/78 MP: 12/12
 12717 | Lair:1   | Noticed Joseph
 12729 | Lair:1   | Killed Joseph
 13355 | Lair:2   | Found a staircase to the Swamp.
 13454 | Lair:2   | Reached ***** piety under Trog
 13605 | Lair:2   | Noticed a seven-headed hydra
 13615 | Lair:2   | Killed an eight-headed hydra
 14015 | Lair:2   | Noticed a four-headed hydra
 14023 | Lair:2   | Killed a four-headed hydra
 14722 | Lair:3   | Reached skill level 10 in Shields
 14768 | Lair:3   | Reached skill level 10 in Dodging
 15154 | Lair:3   | Found the +3 Elemental Staff {rElec rF++ rC++ MR++ AC+5}
 15193 | Lair:3   | Noticed a seven-headed hydra
 15208 | Lair:3   | Killed a seven-headed hydra
 15340 | Lair:3   | Reached XP level 13. HP: 74/88 MP: 13/13
 15663 | Lair:3   | Got a slimy pewter ring
 15684 | Lair:3   | Found a hole to the Spider Nest.
 16542 | Lair:4   | Identified the ring "Fabin" {rPois Int+4} (You found it on
                  | level 3 of the Lair of Beasts)
 16784 | Lair:4   | Noticed Kirke
 16799 | Lair:4   | Killed Kirke
 17045 | Lair:5   | Slain by an eight-headed hydra

Illustrated notes

Levels and vault maps discovered:
D:1:      psy_arrival_whirlpool, layout_loops_corners
D:2:      layout_loops_corners, grunt_temple_overflow_diamond
D:3:      layout_basic, kennysheep_generic_room_16, uniq_natasha
D:4:      layout_loops_ring, lemuel_round_altar, serial_glass, glass_columns_a,
          glass_columns_c, glass_columns_c, glass_columns_a, glass_columns_a,
          glass_columns_b, uniq_robin, uniq_duvessa, uniq_blork_the_orc,
          uniq_pikel
D:5:      layout_basic, basic_altar
D:6:      layout_cave_pools, minmay_temple_entry_poolview
D:7:      layout_loops_ring, grunt_temple_overflow_lords_of_destruction,
          hellmonk_ghost_happy_afterlife, minmay_manual_monstrance
D:8:      layout_gridville, david_lair_generic, uniq_gastronok
D:9:      layout_irregular_city, amethyst_overflow_temple_binary
D:10:     layout_layer_cave, ploomutoo_gammafunk_ghost_potion_laboratory
D:11:     layout_irregular_city, hangedman_decor_points,
          minmay_sticks_and_stones
Lair:1:   layout_misc_corridors, infiniplex_staircase_pool_2, uniq_fannar,
          uniq_joseph, uniq_nergalle
Lair:2:   layout_chaotic_city, skrybe_swamp_entry_bodies
Lair:3:   layout_long_grid, spider_nest_entry_webs, minivault_26,
          grunt_megastairs_3, serial_bayou_shore_b
Lair:4:   layout_gridlike, uniq_kirke
Lair:5:   layout_cave_pods, dpeg_slime_entry_enclosed_altar,
          minmay_shattered_shrine

Skill      XL: |  1  2  3  4  5  6  7  8  9 10 11 12 13 |
---------------+----------------------------------------+-----
Stealth        | 1 2 3 5 6 7 9 10 11 12 | 12.3
Long Blades    | 3 5 6 7 9 10 11 12 | 12.5
Shields        | 4 5 6 7 8 9 10 | 10.4
Dodging        | 5 7 9 10 | 10.8
Fighting       | 5 7 8 |  8.5

Action                   |  1- 3 |  4- 6 |  7- 9 | 10-12 | 13-15 || total
-------------------------+-------+-------+-------+-------+-------++-------
Melee: Long sword        |    63 |    68 |   248 |   467 |    94 ||   940
       Constrict         |    20 |    17 |    55 |    64 |    12 ||   168
       Tentacles         |    11 |    13 |    52 |   138 |    26 ||   240
Invok: Berserk           |       |     1 |    14 |    22 |     2 ||    39
       Brothers in Arms  |       |       |       |     6 |     2 ||     8
  Use: Scroll            |       |     2 |     9 |     9 |     4 ||    24
       Potion            |       |     1 |     9 |    12 |       ||    22
 Stab: Sleeping          |    13 |     5 |     9 |    27 |    12 ||    66
       Distracted        |       |       |     2 |     1 |       ||     3
Armor: Skin              |     7 |       |    11 |    57 |     6 ||    81
Dodge: Dodged            |    21 |    36 |    68 |   210 |    33 ||   368
Block: Kite shield       |    16 |    38 |   103 |   278 |    31 ||   466
       Reflection        |       |       |       |     5 |       ||     5
       Rpst.: Long sword |     5 |    11 |    23 |    54 |     9 ||   102

Table legend: (Time is in decaauts)
 A = Elapsed time spent in this place.
 B = Non-inter-level travel time spent in this place.
 C = Inter-level travel time spent in this place.
 D = Time resting spent in this place.
 E = Time spent auto-exploring this place.
 F = Levels seen in this place.
 G = Mean time per level.
                   A        B        C        D        E       F      G
               +--------+--------+--------+--------+--------+-----+--------+
         Total |  17321 |  16838 |    483 |   5871 |   8535 |  16 | 1082.6 |
       Dungeon |  12234 |  11837 |    397 |   3713 |   6394 |  11 | 1112.2 |
          Lair |   5087 |   5001 |     86 |   2157 |   2141 |   5 | 1017.4 |
               +--------+--------+--------+--------+--------+-----+--------+

Top non-repeatable levels by time:
     D:3: 1677 daAuts
  Lair:2: 1553 daAuts
  Lair:3: 1517 daAuts
     D:5: 1425 daAuts
     D:8: 1411 daAuts
    D:10: 1405 daAuts
  Lair:1: 1219 daAuts
     D:4: 1206 daAuts
     D:9: 1136 daAuts
     D:6: 958 daAuts
     D:7: 949 daAuts
     D:2: 936 daAuts
     D:1: 760 daAuts
  Lair:4: 751 daAuts
    D:11: 367 daAuts
